 Dungeon Crawl Stone Soup version 0.29-a0-322-g68df515428 (webtiles) character file.

Game seed: 18149848411122664216

73 YayAnonymity the Slasher (level 4, -5/36 HPs)
             Began as a Draconian Gladiator on Apr 6, 2022.
             Slain by Menkaure (15 damage)
             ... on level 3 of the Dungeon.
             The game lasted 00:01:46 (1378 turns).

YayAnonymity the Slasher (Draconian Gladiator)      Turns: 1378, Time: 00:01:47

Health: -5/36      AC:  7    Str: 17    XL:     4   Next: 8%
Magic:  4/4        EV: 10    Int:  8    God:
Gold:   35         SH:  0    Dex: 14    Spells: 3/3 levels left

rFire   . . .      SeeInvis .   a - +0 long sword
rCold   . . .      Faith    .   (no shield)
rNeg    . . .      Spirit   .   (body armour unavailable)
rPois   .          Reflect  .   b - +0 hat
rElec   .          Harm     .   (no cloak)
rCorr   .          Rampage  .   g - +1 pair of gloves
Will    .....                   (no boots)
Stlth   ..........              (no amulet)
HPRegen 0.12/turn               (no ring)
MPRegen 0.09/turn               (no ring)

@: silenced, constricted
A: AC +5, unfitting armour, cold-blooded
a: no special abilities


You were on level 3 of the Dungeon.
You visited 1 branch of the dungeon, and saw 4 of its levels.

You collected 35 gold pieces.

Inventory:

Hand Weapons
 a - a +0 long sword (weapon)
Missiles
 c - 3 throwing nets (quivered)
 d - a javelin
Armour
 b - a +0 hat (worn)
 g - a +1 pair of gloves (worn)
Scrolls
 h - a scroll of holy word {unknown}
 i - a scroll of enchant weapon {unknown}
Potions
 e - 3 potions of flight {unknown}


   Skills:
 - Level 2.1 Fighting
 * Level 4.4 Long Blades
 - Level 1.7 Throwing
 + Level 3.3 Dodging


You had 3 spell levels left.
You didn't know any spells.
Your spell library was empty.

Dungeon Overview and Level Annotations

Branches:
Dungeon (4/15)
 Temple: D:4-7

Altars:

Annotations:
D:3 Menkaure


Innate Abilities, Weirdness & Mutations

Your plain brown scales are hard. (AC +5)
You cannot fit into any form of body armour.
You are cold-blooded and may be slowed by cold attacks.


Message History

Menkaure barely misses you. The ball python barely misses you.
The ball python misses you.
The ball python attacks as you move away!
The ball python bites you but does no damage.
Menkaure misses you.
There is a stone staircase leading up here.
The adder closely misses you. The ball python completely misses you.
The ball python barely misses you. Menkaure misses you.
The adder bites you but does no damage.
You climb upwards.
The endoplasm quivers.
There is a stone staircase leading down here.
The ball python attacks as you move away!
The ball python barely misses you. The ball python misses you.
Menkaure barely misses you. The ball python closely misses you.
The ball python grabs you. The ball python constricts you.
The ball python's grasp on you weakens, but your attempt to escape fails.
The adder bites you but does no damage. The ball python barely misses you.
The ball python constricts you. Menkaure hits you!
You barely miss Menkaure.
Menkaure is lightly damaged.
The adder barely misses you. The ball python bites you.
The ball python constricts you. The adder bites you.
Menkaure closely misses you.
You hit Menkaure but do no damage.
Menkaure is lightly damaged.
The ball python barely misses you. The ball python constricts you.
The adder bites you but does no damage.
A goblin comes into view. It is wielding a +0 dagger.
Menkaure hits you.
You hit Menkaure but do no damage.
Menkaure is lightly damaged.
The ball python bites you. The ball python constricts you.
* * * LOW HITPOINT WARNING * * *
The adder bites you but does no damage.
The goblin unwields a +0 dagger.
The goblin wields a +0 hunting sling.
The goblin shoots a sling bullet.
The sling bullet misses you. The ball python closely misses you.
The ball python constricts you. The adder bites you but does no damage.
Menkaure hits you!
You die...

#. #.#.# #.#.#
#.#.# #...# #
#..# .
#.##.S####...g
.##...JM@.......
.......S###.....
.##.##### ... .


You could see Menkaure, an adder, an endoplasm, a goblin and a ball python.

Vanquished Creatures
  3 gnolls (D:2)
  2 dart slugs (D:1)
  6 bats (D:1)
  3 endoplasms (D:1)
  4 giant cockroaches (D:1)
  3 hobgoblins (D:1)
  6 jackals (D:1)
  2 quokkas (D:1)
  3 ball pythons (D:1)
  2 goblins (D:1)
  2 kobolds (D:1)
  2 rats (D:1)
38 creatures vanquished.

Notes
Turn   | Place    | Note
-------+----------+-------------------------------------------
     0 | D:1      | YayAnonymity the Draconian Gladiator began the quest for
                  | the Orb.
     0 | D:1      | Reached XP level 1. HP: 17/17 MP: 1/1
   171 | D:1      | Reached XP level 2. HP: 24/24 MP: 2/2
   541 | D:1      | Reached XP level 3. HP: 15/29 MP: 3/3
   809 | D:1      | Reached skill level 4 in Long Blades
  1043 | D:1      | Found a faded altar of an unknown god.
  1268 | D:2      | Reached XP level 4. HP: 25/36 MP: 4/4
  1359 | D:2      | You fall into a shaft and drop 2 floors!
  1359 | D:4      | Noticed a scorpion
  1360 | D:4      | Noticed a phantom
  1365 | D:4      | Noticed Menkaure
  1378 | D:3      | Slain by Menkaure

Illustrated notes

Levels and vault maps discovered:
D:1:      minmay_arrival_jagged, layout_loops_ring,
          shapermc_ecumenical_altar_mp_vishouse
D:2:      layout_basic, basic_altar, uniq_terence, uniq_robin
D:3:      layout_basic, roderic_serpentine_path, uniq_crazy_yiuf_cottage
D:4:      layout_rooms, eino_tiny_chamber, uniq_eustachio, uniq_menkaure

Skill      XL: |  1  2  3 |
---------------+----------+-----
Dodging        | 3 |  3.3
Long Blades    | 4 |  4.4
Fighting       | |  2.1
Throwing       | |  1.7

Action                   |  1- 3 |  4- 6 || total
-------------------------+-------+-------++-------
Melee: Long sword        |   109 |     4 ||   113
       Tailslap          |    11 |       ||    11
  Use: Scroll            |       |     1 ||     1
 Stab: Sleeping          |     3 |       ||     3
Armor: Skin              |    49 |     7 ||    56
Dodge: Dodged            |   106 |    29 ||   135

Table legend: (Time is in decaauts)
 A = Elapsed time spent in this place.
 B = Non-inter-level travel time spent in this place.
 C = Inter-level travel time spent in this place.
 D = Time resting spent in this place.
 E = Time spent auto-exploring this place.
 F = Levels seen in this place.
 G = Mean time per level.
                   A        B        C        D        E       F      G
               +--------+--------+--------+--------+--------+-----+--------+
         Total |   1402 |   1398 |      4 |    169 |    953 |   4 |  350.5 |
       Dungeon |   1402 |   1398 |      4 |    169 |    953 |   4 |  350.5 |
               +--------+--------+--------+--------+--------+-----+--------+

Top non-repeatable levels by time:
     D:1: 1275 daAuts
     D:2: 108 daAuts
     D:4: 14 daAuts
     D:3: 5 daAuts
